 Dungeon Sprint DCSS version 0.27-a0-93-g19769c27d7 (webtiles) character file.

Game seed: 7735722387574931681

86 rocky1 the Chopper (level 4, -2/50 HPs)
             Began as an Ogre Gladiator on Jan 17, 2021.
             Was a Follower of Okawaru.
             Slain by a gnoll (4 damage)
             ... while paralysed
             ... in the Dungeon (Sprint VII: "The Pits").
             The game lasted 00:01:27 (190 turns).

rocky1 the Chopper (Ogre Gladiator)                  Turns: 190, Time: 00:01:28

Health: -2/50      AC:  3    Str: 19    XL:     4   Next: 50%
Magic:  4/4        EV:  1    Int:  9    God:    Okawaru [*.....]
Gold:   0          SH:  0    Dex: 10    Spells: 3/3 levels left

rFire    . . .     SeeInvis .   a - +0 war axe
rCold    . . .     Faith    .   (no shield)
rNeg     . . .     Spirit   .   b - +0 robe
rPois    .         Reflect  .   c - +0 hat
rElec    .         Harm     .   (no cloak)
rCorr    .         Rampage  .   (gloves unavailable)
Will     .....     NoTele   +   (boots unavailable)
Stlth    +.........             (no amulet)
HPRegen  0.16/turn              (no ring)
MPRegen  0.09/turn              (no ring)

@: paralysed, lethally poisoned (-2 -> -9), berserk cooldown, very slightly
contaminated, slowed, invisible
A: large, unfitting armour, tough skin 1
a: Renounce Religion, Heroism


You were in the Dungeon.
You worshipped Okawaru.
Okawaru was aware of your devotion.
You visited 1 branch

Inventory:

Hand Weapons
 a - a +0 war axe (weapon)
Missiles
 d - 3 throwing nets (quivered)
Armour
 b - a +0 robe (worn)
 c - a +0 hat (worn)
Scrolls
 j - a scroll of blinking
 l - 3 scrolls of remove curse
 m - 5 scrolls of amnesia
 n - a scroll of summoning
Potions
 g - a potion of haste
 h - 4 potions of magic
 i - 2 potions of berserk rage
 k - a potion of invisibility


   Skills:
 + Level 5.2 Fighting
 * Level 5.7 Axes
 - Level 2.0 Throwing
 + Level 2.5 Armour
 * Level 5.2 Dodging


You had 3 spell levels left.
You didn't know any spells.
Your spell library was empty.

Dungeon Overview and Level Annotations

Branches:
Dungeon (1/1)

Altars:
Ashenzari
Cheibriados
Dithmenos
Elyvilon
Fedhas
Gozag
Hepliaklqana
Kikubaaqudgha
Makhleb
Nemelex Xobeh
Okawaru
Qazlal
Ru
Sif Muna
Trog
Uskayaw
Vehumet
Wu Jian
Xom
Yredelemnul
Zin
The Shining One
Beogh
Jiyva
Lugonu


Innate Abilities, Weirdness & Mutations

You are too large for most types of armour.
You have tough skin. (AC +1)


Message History

You hit the gnoll sergeant.
You kill the gnoll sergeant!
Okawaru is honoured by your kill.
You can now gain great but temporary skills.
You are no longer berserk.
You pass out from exhaustion.
You feel yourself slow down.
* * * LOW HITPOINT WARNING * * *
You feel sick.
Your Fighting skill gained 2 levels and is now at level 5!
Your Axes skill increases to level 5!
Your Armour skill increases to level 2!
Your Dodging skill gained 2 levels and is now at level 5!
You have reached level 3!
Your experience leads to an increase in your attributes!
Increase (S)trength, (I)ntelligence, or (D)exterity?
You feel stronger. x2
You have reached level 4!
* * * LOW HITPOINT WARNING * * *
You feel sick. The gnoll hits you.
You die...

############
#_________.#
#_________.#
#_______...###########++
##########'##...........
#.?(.')))'.##......#..#.
##########.##...........
#......)@..)'...........
#+#####g#####......#..#.
#.g.g.##...........
#####'#####'#####++
#.....##.......#
#....g##.......#
###g####.......#


gg. #...<...# lg..Z #.......# You could see 2 gnolls.

Vanquished Creatures
  A gnoll sergeant (D)
  2 gnolls (D)
  2 orcs (D)
  A hobgoblin (D)
  A quokka (D)
  2 frilled lizards (D)
  A rat (D)
10 creatures vanquished.

Notes
Turn   | Place    | Note
-------+----------+-------------------------------------------
     0 | D        | rocky1 the Ogre Gladiator began the quest for the Orb.
     0 | D        | Reached XP level 1. HP: 22/22 MP: 1/1
    22 | D        | Found a bloodstained altar of Trog.
    22 | D        | Found a shimmering blue altar of Sif Muna.
    22 | D        | Found a viscous altar of Jiyva.
    22 | D        | Found a hazy altar of Hepliaklqana.
    22 | D        | Found an opulent altar of Gozag.
    23 | D        | Found a glowing golden altar of the Shining One.
    23 | D        | Found a glowing silver altar of Zin.
    23 | D        | Found a basalt altar of Yredelemnul.
    23 | D        | Found a shimmering altar of Xom.
    23 | D        | Found an ornate altar of the Wu Jian Council.
    23 | D        | Found a sacrificial altar of Ru.
    23 | D        | Found a stormy altar of Qazlal.
    23 | D        | Found an iron altar of Okawaru.
    23 | D        | Found a sparkling altar of Nemelex Xobeh.
    23 | D        | Found a burning altar of Makhleb.
    23 | D        | Found a blossoming altar of Fedhas.
    23 | D        | Found a white marble altar of Elyvilon.
    23 | D        | Found a shadowy altar of Dithmenos.
    23 | D        | Found a snail-covered altar of Cheibriados.
    26 | D        | Found a corrupted altar of Lugonu.
    26 | D        | Found a radiant altar of Vehumet.
    26 | D        | Found a roughly hewn altar of Beogh.
    27 | D        | Found an ancient bone altar of Kikubaaqudgha.
    27 | D        | Found a hide-covered altar of Uskayaw.
    27 | D        | Found a broken altar of Ashenzari.
    33 | D        | Became a worshipper of Warmaster Okawaru
   152 | D        | Reached XP level 2. HP: 29/31 MP: 2/2
   154 | D        | Noticed a gnoll sergeant
   168 | D        | Reached skill level 1 in Armour
   189 | D        | Killed a gnoll sergeant
   189 | D        | Reached * piety under Okawaru
   190 | D        | Reached skill level 5 in Fighting
   190 | D        | Reached skill level 5 in Axes
   190 | D        | Reached skill level 5 in Dodging
   190 | D        | Reached XP level 3. HP: 3/42 MP: 3/3
   190 | D        | Reached XP level 4. HP: 3/50 MP: 4/4
   190 | D        | HP: 2/50 [poisoned by a gnoll sergeant]
   190 | D        | Slain by a gnoll

Illustrated notes

Levels and vault maps discovered:
D:        pitsprint [storerooms_1, entrance_room_1, metal_vault_5, armoury_3,
          mini_pit_1, grid_room_1, main_hall_1, silver_pit, the_coven_1,
          the_vestibule_1, steel_vault_1, golden_pit, hallway_of_sentries,
          crystal_vault_6, iron_vault_1, final_vault]

Skill      XL: |  1  2 |
---------------+-------+-----
Fighting       | 3 5 |  5.2
Dodging        | 3 5 |  5.2
Axes           | 5 |  5.7
Armour         | 2 |  2.5
Throwing       | |  2.0

Action                   |  1- 3 |  4- 6 || total
-------------------------+-------+-------++-------
Melee: War axe           |    33 |       ||    33
  Use: Potion            |     4 |       ||     4
 Stab: Invisible         |     4 |       ||     4
Armor: Robe              |     8 |       ||     8
Dodge: Dodged            |    24 |       ||    24

Table legend: (Time is in decaauts)
 A = Elapsed time spent in this place.
 B = Non-inter-level travel time spent in this place.
 C = Inter-level travel time spent in this place.
 D = Time resting spent in this place.
 E = Time spent auto-exploring this place.
 F = Levels seen in this place.
 G = Mean time per level.
                   A        B        C        D        E       F      G
               +--------+--------+--------+--------+--------+-----+--------+
         Total |    196 |    196 |      0 |     62 |      0 |   1 |  196.0 |
       Dungeon |    196 |    196 |      0 |     62 |      0 |   1 |  196.0 |
               +--------+--------+--------+--------+--------+-----+--------+

Top non-repeatable levels by time:
       D: 196 daAuts
